 Dungeon Crawl Stone Soup version 0.24.0-37-gcf1ca852f1 (webtiles) character file.

Game seed: 6054187889667493592, levelgen mode: deterministic

105 theswoord the Chopper (level 4, -1/35 HPs)
             Began as a Demonspawn Monk on Nov 27, 2019.
             Was a Believer of Kikubaaqudgha.
             Slain by an adder (3 damage)
             ... on level 2 of the Dungeon.
             The game lasted 00:02:44 (1374 turns).

theswoord the Chopper (Demonspawn Monk)             Turns: 1374, Time: 00:02:45

Health: -1/35      AC:  6    Str: 12    XL:     4   Next: 53%
Magic:  4/4        EV: 10    Int: 11    God:    Kikubaaqudgha [**....]
Gold:   52         SH:  4    Dex: 18    Spells: 3/3 levels left

rFire    . . .     SeeInvis .   a - +0 hand axe
rCold    . . .     Gourm    .   g - +0 buckler
rNeg     . . .     Faith    .   b - +0 robe
rPois    .         Spirit   .   (no helmet)
rElec    .         Reflect  .   (no cloak)
rCorr    .         Harm     .   (no gloves)
MR       .....                  (no boots)
Stlth    ++........             (no amulet)
HPRegen  0.11/turn              f - ring of flight
MPRegen  0.09/turn              l - +2 ring of dexterity

@: lethally poisoned (-1 -> -9), hasted, heavily drained, very quick
A: iridescent scales 2
a: Receive Corpses, Renounce Religion, Evoke Flight


You were on level 2 of the Dungeon.
You worshipped Kikubaaqudgha.
Kikubaaqudgha was pleased with you.
You were not hungry.

You visited 1 branch of the dungeon, and saw 2 of its levels.

You collected 52 gold pieces.

Inventory:

Hand Weapons
 a - a +0 hand axe (weapon)
Armour
 b - a +0 robe (worn)
 g - a +0 buckler (worn)
 n - a +0 helmet
Jewellery
 f - a ring of flight (left hand)
 l - a +2 ring of dexterity (right hand)
Scrolls
 h - 4 scrolls of identify {unknown}
 i - a scroll of magic mapping {unknown}
Potions
 e - a potion of magic {unknown}
 j - a potion of brilliance {unknown}
 m - a potion of degeneration {unknown}
 o - a potion of lignification {unknown}
 p - a potion of might {unknown}
Comestibles
 c - 3 rations
 k - 2 chunks of flesh


   Skills:
 - Level 3.0(0.7) Fighting
 * Level 4.4(2.0) Axes
 - Level 2.6(0.4) Dodging
 - Level 1.7(0.0) Stealth
 + Level 1.8(0.0) Shields


You had 3 spell levels left.
You didn't know any spells.
Your spell library contained the following spells:

 Spells                   Type           Power        Failure   Level  Hunger
 Pain                     Necr           #...         52%         1    ##.....
 Corpse Rot               Necr           N/A          65%         2    ###....
 Sublimation of Blood     Necr           #.........   65%         2    ###....
 Vampiric Draining        Necr           #.........   87%         3    ####...


Dungeon Overview and Level Annotations

Branches:
Dungeon (2/15)

Altars:
Cheibriados
Fedhas
Kikubaaqudgha


Innate Abilities, Weirdness & Mutations

You are mostly covered in iridescent scales. (AC +4)


Message History

The adder is heavily wounded.
You feel sick. The adder bites you.
* * * LOW HITPOINT WARNING * * *
You are lethally poisoned!
The adder poisons you!
You barely miss the adder.
The adder is heavily wounded.
* * * LOW HITPOINT WARNING * * *
You feel sick. The adder bites you.
* * * LOW HITPOINT WARNING * * *
The adder barely misses you.
You miss the adder.
The adder is heavily wounded.
* * * LOW HITPOINT WARNING * * *
You feel sick. The adder barely misses you. You block the adder's attack.
It was a potion of haste.
You feel yourself speed up.
* * * LOW HITPOINT WARNING * * *
You feel sick. The adder bites you.
You die...
Kikubaaqudgha rasps: "You have failed me!
Welcome... death!"

###
#.#
#.#
#.#
#S#
#@#
#.#
#.#
#.#
#.#
#.#
#.#
#.#
#.#


You could see an adder.

Vanquished Creatures
  Robin (D:2)
  3 adders (D:2)
  An ooze (D:2)
  A worm (D:2)
  2 dart slugs (D:2)
  A leopard gecko (D:2)
  3 giant cockroaches
  12 goblins
  10 hobgoblins
  2 bats (D:2)
  3 frilled lizards
  7 kobolds
  7 rats
53 creatures vanquished.

Notes
Turn   | Place    | Note
-------+----------+-------------------------------------------
     0 | D:1      | theswoord the Demonspawn Monk began the quest for the Orb.
     0 | D:1      | Reached XP level 1. HP: 18/18 MP: 1/1
    49 | D:1      | Reached skill level 3 in Axes
   170 | D:1      | Gained mutation: You are partially covered in iridescent
                  | scales. (AC +2) [demonic ancestry]
   170 | D:1      | Reached XP level 2. HP: 21/24 MP: 2/2
   252 | D:1      | You fall into a shaft and drop 1 floor!
   534 | D:1      | Gained mutation: You are mostly covered in iridescent
                  | scales. (AC +4) [demonic ancestry]
   534 | D:1      | Reached XP level 3. HP: 16/29 MP: 3/3
   672 | D:2      | Found a snail-covered altar of Cheibriados.
   708 | D:2      | Reached skill level 1 in Shields
   738 | D:2      | Found a blossoming altar of Fedhas.
   905 | D:2      | Reached skill level 4 in Axes
   955 | D:2      | Noticed Robin
   975 | D:2      | Killed Robin
   975 | D:2      | Reached XP level 4. HP: 28/35 MP: 4/4
  1118 | D:2      | Found an ancient bone altar of Kikubaaqudgha.
  1131 | D:2      | Became a worshipper of Kikubaaqudgha
  1131 | D:2      | Reached * piety under Kikubaaqudgha
  1131 | D:2      | Identified Kikubaaqudgha's Papyrus of Darkness
                  | (Kikubaaqudgha gifted it to you on level 2 of the Dungeon)
  1131 | D:2      | Received a gift from Kikubaaqudgha
  1131 | D:2      | Reached ** piety under Kikubaaqudgha
  1374 | D:2      | Slain by an adder

Skill      XL: |  1  2  3 |
---------------+----------+-----
Axes           | 3 4 |  4.4
Shields        | 1 |  1.8
Fighting       | |  3.0
Dodging        | |  2.6
Stealth        | |  1.7

Action                   |  1- 3 |  4- 6 || total
-------------------------+-------+-------++-------
Melee: Hand axe          |   134 |    42 ||   176
  Use: Potion            |       |     1 ||     1
 Stab: Sleeping          |     3 |     1 ||     4
  Eat: Chunk             |       |     2 ||     2
Armor: Robe              |    41 |    16 ||    57
Dodge: Dodged            |    71 |    15 ||    86
Block: Buckler           |    22 |     4 ||    26

Levels and vault maps discovered:
D:1:      matt_arrival_diagonals, layout_rooms
D:2:      layout_basic, nicolae_overflow_hidden_temple, old_standard_altar,
          minmay_misc_feat_x, grunt_decor_fettered, fedhas_altar_4, uniq_robin
